Senateurs vs Predators
(R1)
Created - 14 décembre 2016 at 23:31
Goals
|
| Senateurs |
1 |
0 |
2 |
3 |
| Predators |
0 |
2 |
0 |
2 |
|
Shots
|
| Senateurs |
12 |
3 |
9 |
24 |
| Predators |
15 |
7 |
8 |
30 |
|
1st period
1. Senateurs , Gilbert Brule 8 (Dan Hamhuis) at 7:26
Penalties :
Gilbert Brule (Ott) for Holding Stick (Minor) at 0:22, Milan Hejduk (Ott) for Hooking (Minor) at 3:10, Vitaly Vishnevsky (Ott) for Cross-checking (Minor) at 16:02
2nd period
2. Predators , Ryan Kesler 13 (Byron Bitz) at 7:42
3. Predators , Alexander Steen 9 (Ryan Kesler, Byron Bitz) at 9:26
Penalties :
Christian Ehrhoff (Nas) for Roughing (Minor) at 0:56, Steve Begin (Nas) for Hooking (Minor) at 11:06
3rd period
4. Senateurs , Brenden Morrow 7 (B.J. Crombeen, Brad Richards) at 2:19
5. Senateurs , Brandon Dubinsky 6 (Milan Hejduk, Darcy Hordichuk) at 12:15
Penalties :
Darcy Hordichuk (Ott) for Interference (Minor) at 8:58, Alexander Steen (Nas) for Diving (Minor) at 16:02, Andy McDonald (Ott) for Slashing (Minor) at 19:02
Goalie Stats
Ondrej Pavelec (Ott), 28 saves from 30 shots - (0,933), W, 9-6-2, 60:00 minutes
Steve Mason (Nas), 21 saves from 24 shots - (0,875), L, 5-5-2, 59:12 minutes
Players Stats for Senateurs
Player Name G A P +/- PIM S H SB GA TA FO MP PP MP PK MP
------------------------------------------------------------------------------------
Andrew Ebbett 0 0 0 -1 0 0 1 1 0 0 1/3 12:04 0:09 3:33
Andy McDonald 0 0 0 0 2 2 0 1 1 0 0/0 16:19 1:39 2:07
B.J. Crombeen 0 1 1 1 0 0 0 0 1 0 1/1 14:37 2:42 0:00
Brad Richards 0 1 1 1 0 1 1 0 1 0 12/19 17:23 2:25 2:51
Brandon Dubinsky 1 0 1 0 0 2 1 0 0 0 3/6 10:43 0:00 0:09
Brenden Morrow 1 0 1 1 0 3 0 0 1 0 0/0 17:51 2:25 3:16
Carlo Colaiacovo 0 0 0 -1 0 0 1 1 1 0 0/0 20:41 2:57 4:16
Dan Girardi 0 0 0 2 0 0 1 0 0 0 0/0 11:13 0:00 0:00
Dan Hamhuis 0 1 1 0 0 0 3 1 1 0 0/0 28:00 3:00 4:37
Darcy Hordichuk 0 1 1 0 2 6 2 0 0 0 0/0 20:45 2:21 0:00
George Parros 0 0 0 -1 0 2 0 0 0 0 0/0 6:51 0:00 0:00
Gilbert Brule 1 0 1 1 2 4 0 0 3 2 12/26 23:14 3:07 3:53
Johan Franzen 0 0 0 1 0 1 3 0 0 0 0/0 18:31 3:03 0:00
Kurtis Foster 0 0 0 0 0 0 1 6 1 0 0/0 27:38 3:00 4:37
Milan Hejduk 0 1 1 0 2 1 0 0 0 0 0/2 10:25 0:00 0:00
Thomas Vanek 0 0 0 0 0 0 0 0 0 0 0/0 2:40 0:00 1:57
Vitaly Vishnevsky 0 0 0 -1 2 2 0 1 1 1 0/0 19:46 2:57 3:19
Vladimir Mihalik 0 0 0 2 0 0 1 0 0 1 0/0 12:21 0:00 0:57
Players Stats for Predators
Player Name G A P +/- PIM S H SB GA TA FO MP PP MP PK MP
------------------------------------------------------------------------------------
Adam Burish 0 0 0 -1 0 3 2 0 1 0 0/1 18:17 4:15 1:29
Alexander Edler 0 0 0 -2 0 1 2 2 0 4 0/0 27:48 5:06 3:04
Alexander Ovechkin 0 0 0 -1 0 3 2 0 0 0 0/0 17:03 4:15 1:11
Alexander Steen 1 0 1 1 2 2 2 1 1 0 1/2 19:28 4:38 0:00
Andy Miele 0 0 0 0 0 0 2 0 0 0 0/1 10:36 4:15 0:00
Barret Jackman 0 0 0 0 0 0 0 1 0 2 0/0 11:09 0:00 0:00
Brett Clark 0 0 0 0 0 0 0 0 0 1 0/0 13:48 0:00 2:53
Byron Bitz 0 2 2 1 0 5 2 2 0 0 0/0 23:05 4:38 3:08
Christian Ehrhoff 0 0 0 -2 2 0 3 1 0 1 0/0 23:27 5:06 0:00
David Jones 0 0 0 -1 0 0 3 0 0 0 0/0 12:40 0:00 1:20
Frans Nielsen 0 0 0 -1 0 4 2 0 0 1 4/7 13:50 0:00 1:29
James Van Riemsdyk 0 0 0 -1 0 2 0 0 1 0 0/0 11:27 0:00 0:00
John Moore 0 0 0 1 0 1 0 1 0 0 0/0 20:41 3:47 2:53
Kris Vernarsky 0 0 0 -1 0 1 0 0 0 1 1/4 11:20 0:00 0:00
Ryan Kesler 1 1 2 1 0 6 0 2 1 1 22/42 23:03 4:38 3:17
Ryan Mcdonagh 0 0 0 1 0 0 1 1 0 0 0/0 22:30 3:47 3:04
Shane Doan 0 0 0 0 0 2 1 0 0 0 0/0 6:20 0:00 0:00
Steve Begin 0 0 0 0 2 0 1 0 0 0 0/0 7:28 0:00 0:00
3 Stars
1 - Ryan Kesler (Nas)
2 - Byron Bitz (Nas)
3 - Brenden Morrow (Ott)
Power Play
Senateurs - 0 on 3 Attempt(s) - 0,00%
Predators - 0 on 5 Attempt(s) - 0,00%
Penalty Kill
Senateurs - 5 on 5 Attempt(s) - 100,00%
- Score 0 goal in Penalty Kill
Predators - 3 on 3 Attempt(s) - 100,00%
- Score 0 goal in Penalty Kill
Team Stat
Senateurs - Hits : 15 - Faceoff Wins : 29 - Blocked Shots : 11 - Penalty Minutes : 10
Predators - Hits : 23 - Faceoff Wins : 28 - Blocked Shots : 11 - Penalty Minutes : 6
Official
Referees : L'Ecuyer Frederick and Martell Rob
Linesman : Brian Murphy and David Brisebois
Game Notes
Thomas Vanek is injured at 5:51 of 1st period (Strained Right Knee)
Finance
Level 1 -- Attendance: 6000 (100,00%) -- Ticket Income 510 000 $
Level 2 -- Attendance: 4843 (96,86%) -- Ticket Income 242 150 $
Level 3 -- Attendance: 1931 (96,55%) -- Ticket Income 57 930 $
Level 4 -- Attendance: 3032 (75,80%) -- Ticket Income 72 768 $
Luxury Box -- Attendance: 783 (78,30%) -- Ticket Income 137 025 $
Game was played at the Wildcat center.
Total Attendance: 16589 (92,16%)
Total Ticket Income: 1 019 873 $
Other Income: 152 981 $
Total Income: 1 172 854 $
Senateurs
5 vs 5 Forward
Center Left Wing Right Wing Time % Phy DF OF
1 Gilbert Brule Thomas Vanek Johan Franzen 40 1 2 2
2 Brad Richards Brenden Morrow B.J. Crombeen 30 1 2 2
3 Brandon Dubinsky Darcy Hordichuk Milan Hejduk 20 1 2 2
4 Andrew Ebbett Andy McDonald George Parros 10 1 2 2
5 vs 5 Defense
Defense Defense Time % Phy DF OF
1 Kurtis Foster Dan Hamhuis 40 1 2 2
2 Vitaly Vishnevsky Carlo Colaiacovo 30 1 2 2
3 Dan Girardi Vladimir Mihalik 20 1 2 2
4 Kurtis Foster Dan Hamhuis 10 1 2 2
PowerPlay Forward
Center Left Wing Right Wing Time % Phy DF OF
1 Gilbert Brule Thomas Vanek Johan Franzen 60 1 1 3
2 Brad Richards Brenden Morrow B.J. Crombeen 40 1 1 3
PowerPlay Defense
Defense Defense Time % Phy DF OF
1 Kurtis Foster Dan Hamhuis 60 1 2 2
2 Vitaly Vishnevsky Carlo Colaiacovo 40 1 2 2
Penalty Kill 4 Players Forward
Center Wing Time % Phy DF OF
1 Gilbert Brule Thomas Vanek 60 1 2 2
2 Brad Richards Brenden Morrow 40 1 2 2
Penalty Kill 4 Players Defense
Defense Defense Time % Phy DF OF
1 Kurtis Foster Dan Hamhuis 60 1 2 2
2 Vitaly Vishnevsky Carlo Colaiacovo 40 1 2 2
Penalty Kill - 3 Players Forward
Forward Time % Phy DF OF
1 Gilbert Brule 60 1 2 2
2 Thomas Vanek 40 1 2 2
Penalty Kill - 3 Players Defense
Defense Defense Time % Phy DF OF
1 Kurtis Foster Dan Hamhuis 60 1 2 2
2 Vitaly Vishnevsky Carlo Colaiacovo 40 1 2 2
4 vs 4 Forward
Center Wing Time % Phy DF OF
1 Gilbert Brule Thomas Vanek 60 1 2 2
2 Brad Richards Brenden Morrow 40 1 2 2
4 vs 4 Defense
Defense Defense Time % Phy DF OF
1 Kurtis Foster Dan Hamhuis 60 1 2 2
2 Vitaly Vishnevsky Carlo Colaiacovo 40 1 2 2
Last Minutes Offensive
Center Left Wing Right Wing Defense Defense
Gilbert Brule Thomas Vanek Johan Franzen Kurtis Foster Dan Hamhuis
Last Minutes Defensive
Center Left Wing Right Wing Defense Defense
Gilbert Brule Thomas Vanek Johan Franzen Kurtis Foster Dan Hamhuis
Goaltenders
Starting : Ondrej Pavelec
Backup : Jonas Gustavsson
Extra Forwards
Normal : Darcy Hordichuk, Andy McDonald, Andrew Ebbett - PP : Darcy Hordichuk, Andy McDonald - PK : Andrew Ebbett
Extra Defensemen
Normal : Dan Girardi, Vladimir Mihalik, Vitaly Vishnevsky - PP : Dan Girardi - PK : Vladimir Mihalik, Vitaly Vishnevsky
Penalty Shots
Gilbert Brule, Thomas Vanek, Brad Richards, Brenden Morrow, Johan Franzen
Predators
5 vs 5 Forward
Center Left Wing Right Wing Time % Phy DF OF
1 Ryan Kesler Alexander Steen Byron Bitz 40 1 2 2
2 Frans Nielsen Alexander Ovechkin Adam Burish 30 1 2 2
3 Kris Vernarsky James Van Riemsdyk David Jones 20 1 2 2
4 Andy Miele Steve Begin Shane Doan 10 1 2 2
5 vs 5 Defense
Defense Defense Time % Phy DF OF
1 Christian Ehrhoff Alexander Edler 40 1 2 2
2 Ryan Mcdonagh John Moore 30 1 2 2
3 Barret Jackman Brett Clark 20 1 2 2
4 Alexander Edler Ryan Mcdonagh 10 1 2 2
PowerPlay Forward
Center Left Wing Right Wing Time % Phy DF OF
1 Ryan Kesler Alexander Steen Byron Bitz 60 0 0 5
2 Andy Miele Alexander Ovechkin Adam Burish 40 0 0 5
PowerPlay Defense
Defense Defense Time % Phy DF OF
1 Christian Ehrhoff Alexander Edler 60 1 1 3
2 Ryan Mcdonagh John Moore 40 1 1 3
Penalty Kill 4 Players Forward
Center Wing Time % Phy DF OF
1 Ryan Kesler Byron Bitz 60 1 2 2
2 Frans Nielsen Adam Burish 40 1 2 2
Penalty Kill 4 Players Defense
Defense Defense Time % Phy DF OF
1 Alexander Edler Ryan Mcdonagh 60 2 2 1
2 John Moore Brett Clark 40 1 3 1
Penalty Kill - 3 Players Forward
Forward Time % Phy DF OF
1 Byron Bitz 60 1 3 1
2 Frans Nielsen 40 1 3 1
Penalty Kill - 3 Players Defense
Defense Defense Time % Phy DF OF
1 Alexander Edler Ryan Mcdonagh 60 2 3 0
2 John Moore Brett Clark 40 1 4 0
4 vs 4 Forward
Center Wing Time % Phy DF OF
1 Alexander Ovechkin Byron Bitz 60 1 2 2
2 Ryan Kesler Adam Burish 40 1 2 2
4 vs 4 Defense
Defense Defense Time % Phy DF OF
1 Alexander Edler Ryan Mcdonagh 60 1 2 2
2 Christian Ehrhoff John Moore 40 1 2 2
Last Minutes Offensive
Center Left Wing Right Wing Defense Defense
Ryan Kesler Alexander Ovechkin Byron Bitz Alexander Edler Ryan Mcdonagh
Last Minutes Defensive
Center Left Wing Right Wing Defense Defense
Ryan Kesler Frans Nielsen Byron Bitz Ryan Mcdonagh Brett Clark
Goaltenders
Starting : Steve Mason
Backup : Maxime Daigneault
Extra Forwards
Normal : Adam Burish, Kris Vernarsky, David Jones - PP : Adam Burish, Kris Vernarsky - PK : David Jones
Extra Defensemen
Normal : Barret Jackman, John Moore, Brett Clark - PP : Barret Jackman - PK : John Moore, Brett Clark
Penalty Shots
Alexander Steen, Andy Miele, Alexander Ovechkin, David Jones, Christian Ehrhoff
% Time on Ice - Senateurs
Lines # - Real PCT - Wanted PCT - Time Play
Normal Forward
1 - 37% - 40% - 16:47
2 - 26% - 30% - 11:32
3 - 23% - 20% - 10:16
4 - 15% - 10% - 6:35
Normal Defense
1 - 39% - 40% - 17:45
2 - 30% - 30% - 13:28
3 - 25% - 20% - 11:31
4 - 5% - 10% - 2:26
PP Forward
1 - 59% - 60% - 3:32
2 - 41% - 40% - 2:25
PP Defense
1 - 50% - 60% - 3:00
2 - 50% - 40% - 2:57
PK Forward
1 - 80% - 60% - 7:05
2 - 20% - 40% - 1:48
PK Defense
1 - 52% - 60% - 4:37
2 - 48% - 40% - 4:16
PK3 Forward
1 - 0% - 60%
2 - 0% - 40%
PK3 Defense
1 - 0% - 60%
2 - 0% - 40%
44 Forward
1 - 0% - 60%
2 - 0% - 40%
44 Defense
1 - 0% - 60%
2 - 0% - 40%
Last Minute Offensive - 0:00
Last Minute Defensive - 0:00
Total
Forward - 60:00
Defense - 60:00
|
% Time on Ice - Predators
Lines # - Real PCT - Wanted PCT - Time Play
Normal Forward
1 - 33% - 40% - 15:05
2 - 27% - 30% - 12:22
3 - 25% - 20% - 11:20
4 - 14% - 10% - 6:20
Normal Defense
1 - 43% - 40% - 19:13
2 - 29% - 30% - 12:53
3 - 26% - 20% - 11:44
4 - 3% - 10% - 1:17
PP Forward
1 - 52% - 60% - 4:38
2 - 48% - 40% - 4:15
PP Defense
1 - 57% - 60% - 5:06
2 - 43% - 40% - 3:47
PK Forward
1 - 75% - 60% - 4:28
2 - 25% - 40% - 1:29
PK Defense
1 - 52% - 60% - 3:04
2 - 48% - 40% - 2:53
PK3 Forward
1 - 0% - 60%
2 - 0% - 40%
PK3 Defense
1 - 0% - 60%
2 - 0% - 40%
44 Forward
1 - 0% - 60%
2 - 0% - 40%
44 Defense
1 - 0% - 60%
2 - 0% - 40%
Last Minute Offensive - 0:03
Last Minute Defensive - 0:00
Total
Forward - 60:00
Defense - 60:00
|
Play by Play
1st period
0:01 of 1st period - Gilbert Brule wins face-off versus Ryan Kesler in neutral zone.
0:12 of 1st period - Wrist shot by Alexander Steen.
0:12 of 1st period - Stopped by Ondrej Pavelec with a rebound.
0:14 of 1st period - Slapshot by Christian Ehrhoff.
0:14 of 1st period - Shot Blocked by Dan Hamhuis.
0:16 of 1st period - Snap shot by Alexander Steen.
0:16 of 1st period - Deflect By Ryan Kesler.
0:16 of 1st period - Stopped by Ondrej Pavelec with a rebound.
0:22 of 1st period - Minor Penalty to Gilbert Brule for Holding Stick.
0:23 of 1st period - Alexander Steen wins face-off versus Andrew Ebbett in Senateurs zone.
0:28 of 1st period - Wrist shot by Ryan Kesler.
0:28 of 1st period - Stopped by Ondrej Pavelec with a rebound.
0:30 of 1st period - Backhand shot by Christian Ehrhoff.
0:30 of 1st period - Shot Blocked by Kurtis Foster.
0:32 of 1st period - Slapshot by Alexander Edler.
0:32 of 1st period - Stopped by Ondrej Pavelec with a rebound.
0:34 of 1st period - Slapshot by Alexander Edler.
0:34 of 1st period - Shot Blocked by Kurtis Foster.
0:48 of 1st period - Alexander Edler is hit by Dan Hamhuis and loses puck.
2:22 of 1st period - Penalty to Gilbert Brule is over, Gilbert Brule is back on ice.
2:56 of 1st period - Slapshot by Gilbert Brule.
2:56 of 1st period - Stopped by Steve Mason without a rebound.
2:57 of 1st period - Ryan Kesler wins face-off versus Milan Hejduk in Predators zone.
3:10 of 1st period - Minor Penalty to Milan Hejduk for Hooking.
3:11 of 1st period - Gilbert Brule wins face-off versus Ryan Kesler in Senateurs zone.
3:24 of 1st period - Wrist shot by Ryan Kesler.
3:24 of 1st period - Shot Blocked by Carlo Colaiacovo.
3:46 of 1st period - Icing by Byron Bitz.
3:47 of 1st period - Brad Richards wins face-off versus Andy Miele in Predators zone.
3:48 of 1st period - Snap shot by Brenden Morrow.
3:48 of 1st period - Stopped by Steve Mason with a rebound.
4:32 of 1st period - Snap shot by Alexander Ovechkin.
4:32 of 1st period - Shot Misses the Net.
4:34 of 1st period - Snap shot by Adam Burish.
4:34 of 1st period - Stopped by Ondrej Pavelec without a rebound.
4:35 of 1st period - Ryan Kesler wins face-off versus Brad Richards in Senateurs zone.
4:36 of 1st period - Snap shot by Byron Bitz.
4:36 of 1st period - Stopped by Ondrej Pavelec with a rebound.
4:38 of 1st period - Wrist shot by Ryan Kesler.
4:38 of 1st period - Stopped by Ondrej Pavelec without a rebound.
4:39 of 1st period - Brad Richards wins face-off versus Ryan Kesler in Senateurs zone.
5:10 of 1st period - Penalty to Milan Hejduk is over, Milan Hejduk is back on ice.
5:35 of 1st period - Vitaly Vishnevsky is hit by Christian Ehrhoff and loses puck.
5:50 of 1st period - Thomas Vanek is hit by Christian Ehrhoff and loses puck.
5:51 of 1st period - Thomas Vanek from Senateurs is injured at 5:51 of 1st period (Strained Right Knee).
5:52 of 1st period - Ryan Kesler wins face-off versus Gilbert Brule in Senateurs zone.
5:53 of 1st period - Wrist shot by Byron Bitz.
5:53 of 1st period - Stopped by Ondrej Pavelec with a rebound.
5:55 of 1st period - Slapshot by John Moore.
5:55 of 1st period - Stopped by Ondrej Pavelec without a rebound.
5:56 of 1st period - Ryan Kesler wins face-off versus Gilbert Brule in Senateurs zone.
6:11 of 1st period - Wrist shot by Alexander Steen.
6:11 of 1st period - Deflect By Byron Bitz.
6:11 of 1st period - Stopped by Ondrej Pavelec with a rebound.
6:21 of 1st period - Snap shot by Brenden Morrow.
6:21 of 1st period - Stopped by Steve Mason with a rebound.
6:46 of 1st period - Snap shot by Andy McDonald.
6:46 of 1st period - Shot Misses the Net.
7:24 of 1st period - Slapshot by Gilbert Brule.
7:24 of 1st period - Stopped by Steve Mason with a rebound.
7:26 of 1st period - Slapshot by Gilbert Brule.
7:26 of 1st period - Goal by Gilbert Brule - Senateurs : 1 - Predators : 0.
7:27 of 1st period - Gilbert Brule wins face-off versus Adam Burish in neutral zone.
7:33 of 1st period - Icing by John Moore.
7:34 of 1st period - Gilbert Brule wins face-off versus Frans Nielsen in Predators zone.
7:37 of 1st period - Snap shot by Darcy Hordichuk.
7:37 of 1st period - Shot Blocked by Ryan Mcdonagh.
7:49 of 1st period - Wrist shot by Gilbert Brule.
7:49 of 1st period - Shot Misses the Net.
7:56 of 1st period - Off-side.
7:57 of 1st period - Ryan Kesler wins face-off versus Brad Richards in neutral zone.
10:31 of 1st period - Snap shot by Shane Doan.
10:31 of 1st period - Stopped by Ondrej Pavelec without a rebound.
10:32 of 1st period - Ryan Kesler wins face-off versus Gilbert Brule in Senateurs zone.
10:33 of 1st period - Wrist shot by Byron Bitz.
10:33 of 1st period - Shot Misses the Net.
10:45 of 1st period - Wrist shot by Alexander Steen.
10:45 of 1st period - Deflect By Ryan Kesler.
10:45 of 1st period - Stopped by Ondrej Pavelec with a rebound.
10:57 of 1st period - Alexander Ovechkin is hit by Vladimir Mihalik and loses puck.
11:08 of 1st period - Wrist shot by Alexander Ovechkin.
11:08 of 1st period - Stopped by Ondrej Pavelec with a rebound.
11:25 of 1st period - Slapshot by George Parros.
11:25 of 1st period - Stopped by Steve Mason without a rebound.
11:26 of 1st period - Gilbert Brule wins face-off versus Ryan Kesler in Predators zone.
11:29 of 1st period - Wrist shot by Darcy Hordichuk.
11:29 of 1st period - Stopped by Steve Mason with a rebound.
11:31 of 1st period - Wrist shot by Gilbert Brule.
11:31 of 1st period - Shot Misses the Net.
11:33 of 1st period - Wrist shot by Darcy Hordichuk.
11:33 of 1st period - Stopped by Steve Mason without a rebound.
11:34 of 1st period - Gilbert Brule wins face-off versus Ryan Kesler in Predators zone.
11:37 of 1st period - Snap shot by Gilbert Brule.
11:37 of 1st period - Stopped by Steve Mason without a rebound.
11:38 of 1st period - Ryan Kesler wins face-off versus Gilbert Brule in Predators zone.
12:16 of 1st period - Snap shot by Gilbert Brule.
12:16 of 1st period - Shot Blocked by Christian Ehrhoff.
12:40 of 1st period - Backhand shot by James Van Riemsdyk.
12:40 of 1st period - Stopped by Ondrej Pavelec with a rebound.
12:50 of 1st period - Wrist shot by Darcy Hordichuk.
12:50 of 1st period - Stopped by Steve Mason without a rebound.
12:51 of 1st period - B.J. Crombeen wins face-off versus Ryan Kesler in Predators zone.
12:58 of 1st period - Snap shot by Brenden Morrow.
12:58 of 1st period - Shot Hit the Post.
13:00 of 1st period - Backhand shot by Vitaly Vishnevsky.
13:00 of 1st period - Stopped by Steve Mason without a rebound.
13:01 of 1st period - Ryan Kesler wins face-off versus Brad Richards in Predators zone.
13:34 of 1st period - Slapshot by Brad Richards.
13:34 of 1st period - Shot Blocked by Byron Bitz.
13:36 of 1st period - Slapshot by Brad Richards.
13:36 of 1st period - Shot Blocked by Ryan Kesler.
13:54 of 1st period - Off-side.
13:55 of 1st period - Frans Nielsen wins face-off versus Milan Hejduk in neutral zone.
15:13 of 1st period - Icing by Milan Hejduk.
15:14 of 1st period - Ryan Kesler wins face-off versus Brandon Dubinsky in Senateurs zone.
15:37 of 1st period - Johan Franzen is hit by Alexander Ovechkin and loses puck.
16:00 of 1st period - Snap shot by Frans Nielsen.
16:00 of 1st period - Stopped by Ondrej Pavelec with a rebound.
16:02 of 1st period - Minor Penalty to Vitaly Vishnevsky for Cross-checking.
16:03 of 1st period - Gilbert Brule wins face-off versus Ryan Kesler in Senateurs zone.
17:24 of 1st period - Icing by Alexander Steen.
17:25 of 1st period - Ryan Kesler wins face-off versus Gilbert Brule in Predators zone.
18:02 of 1st period - Penalty to Vitaly Vishnevsky is over, Vitaly Vishnevsky is back on ice.
18:10 of 1st period - Slapshot by Kurtis Foster.
18:10 of 1st period - Deflect By Darcy Hordichuk.
18:10 of 1st period - Shot Misses the Net.
18:10 of 1st period - Puck is out of play.
18:11 of 1st period - Brandon Dubinsky wins face-off versus Kris Vernarsky in Predators zone.
18:57 of 1st period - Slapshot by Darcy Hordichuk.
18:57 of 1st period - Stopped by Steve Mason without a rebound.
18:58 of 1st period - Gilbert Brule wins face-off versus Ryan Kesler in Predators zone.
19:12 of 1st period - Off-side.
19:13 of 1st period - Brad Richards wins face-off versus Frans Nielsen in neutral zone.
19:40 of 1st period - Kurtis Foster is hit by Byron Bitz and loses puck.
Goals for this period are 1 for Senateurs vs 0 for Predators.
Shots for this period are 12 for Senateurs vs 15 for Predators.
2nd period
0:01 of 2nd period - Ryan Kesler wins face-off versus Gilbert Brule in neutral zone.
0:11 of 2nd period - Icing by Kurtis Foster.
0:12 of 2nd period - Gilbert Brule wins face-off versus Ryan Kesler in Senateurs zone.
0:21 of 2nd period - Slapshot by Kurtis Foster.
0:21 of 2nd period - Shot Blocked by Alexander Edler.
0:56 of 2nd period - Minor Penalty to Christian Ehrhoff for Roughing.
0:57 of 2nd period - Gilbert Brule wins face-off versus Ryan Kesler in Predators zone.
0:58 of 2nd period - Wrist shot by Darcy Hordichuk.
0:58 of 2nd period - Stopped by Steve Mason without a rebound.
0:59 of 2nd period - Ryan Kesler wins face-off versus Gilbert Brule in Predators zone.
0:59 of 2nd period - Ryan Mcdonagh is hit by Johan Franzen and loses puck.
2:17 of 2nd period - Dan Hamhuis is hit by Byron Bitz and loses puck.
2:56 of 2nd period - Penalty to Christian Ehrhoff is over, Christian Ehrhoff is back on ice.
3:20 of 2nd period - Snap shot by Darcy Hordichuk.
3:20 of 2nd period - Deflect By Andy McDonald.
3:20 of 2nd period - Shot Blocked by Ryan Kesler.
3:20 of 2nd period - Puck is out of play.
3:21 of 2nd period - Frans Nielsen wins face-off versus Gilbert Brule in Predators zone.
3:41 of 2nd period - Dan Hamhuis is hit by Andy Miele and loses puck.
4:35 of 2nd period - Gilbert Brule is hit by David Jones and loses puck.
4:42 of 2nd period - Slapshot by David Jones.
4:42 of 2nd period - Shot Misses the Net.
4:59 of 2nd period - Vladimir Mihalik is hit by Ryan Mcdonagh and loses puck.
5:57 of 2nd period - Snap shot by James Van Riemsdyk.
5:57 of 2nd period - Stopped by Ondrej Pavelec without a rebound.
5:58 of 2nd period - Brad Richards wins face-off versus Ryan Kesler in Senateurs zone.
6:08 of 2nd period - Snap shot by Brad Richards.
6:08 of 2nd period - Stopped by Steve Mason with a rebound.
7:30 of 2nd period - Snap shot by Ryan Mcdonagh.
7:30 of 2nd period - Shot Misses the Net.
7:36 of 2nd period - Milan Hejduk is hit by Andy Miele and loses puck.
7:40 of 2nd period - Icing by Dan Girardi.
7:41 of 2nd period - Ryan Kesler wins face-off versus Brandon Dubinsky in Senateurs zone.
7:42 of 2nd period - Wrist shot by Byron Bitz.
7:42 of 2nd period - Deflect By Ryan Kesler.
7:42 of 2nd period - Goal by Ryan Kesler - Senateurs : 1 - Predators : 1.
7:43 of 2nd period - Ryan Kesler wins face-off versus Brad Richards in neutral zone.
8:44 of 2nd period - Backhand shot by Byron Bitz.
8:44 of 2nd period - Stopped by Ondrej Pavelec with a rebound.
9:12 of 2nd period - Snap shot by Ryan Kesler.
9:12 of 2nd period - Shot Blocked by Kurtis Foster.
9:14 of 2nd period - Snap shot by Byron Bitz.
9:14 of 2nd period - Shot Blocked by Andrew Ebbett.
9:26 of 2nd period - Snap shot by Alexander Steen.
9:26 of 2nd period - Goal by Alexander Steen - Senateurs : 1 - Predators : 2.
9:27 of 2nd period - Brad Richards wins face-off versus Frans Nielsen in neutral zone.
9:40 of 2nd period - Slapshot by Vitaly Vishnevsky.
9:40 of 2nd period - Stopped by Steve Mason with a rebound.
9:52 of 2nd period - Alexander Edler is hit by Darcy Hordichuk and loses puck.
10:11 of 2nd period - Darcy Hordichuk is hit by Alexander Edler and loses puck.
10:36 of 2nd period - Snap shot by Alexander Ovechkin.
10:36 of 2nd period - Shot Misses the Net.
10:38 of 2nd period - Snap shot by Adam Burish.
10:38 of 2nd period - Stopped by Ondrej Pavelec with a rebound.
10:40 of 2nd period - Slapshot by Frans Nielsen.
10:40 of 2nd period - Stopped by Ondrej Pavelec with a rebound.
11:06 of 2nd period - Minor Penalty to Steve Begin for Hooking.
11:07 of 2nd period - Ryan Kesler wins face-off versus Gilbert Brule in Predators zone.
11:20 of 2nd period - Slapshot by Johan Franzen.
11:20 of 2nd period - Shot Misses the Net.
13:06 of 2nd period - Penalty to Steve Begin is over, Steve Begin is back on ice.
13:46 of 2nd period - Wrist shot by Frans Nielsen.
13:46 of 2nd period - Stopped by Ondrej Pavelec with a rebound.
14:16 of 2nd period - Andy McDonald is hit by Frans Nielsen.
14:51 of 2nd period - Wrist shot by Andy McDonald.
14:51 of 2nd period - Deflect By Andrew Ebbett.
14:51 of 2nd period - Shot Blocked by Alexander Edler.
14:51 of 2nd period - Puck is out of play.
14:52 of 2nd period - Brad Richards wins face-off versus Ryan Kesler in Predators zone.
15:17 of 2nd period - David Jones is hit by Johan Franzen.
15:21 of 2nd period - Gilbert Brule is hit by David Jones and loses puck.
15:28 of 2nd period - Johan Franzen is hit by David Jones and loses puck.
15:45 of 2nd period - Darcy Hordichuk is hit by Alexander Steen and loses puck.
15:56 of 2nd period - Christian Ehrhoff is hit by Brad Richards and loses puck.
16:03 of 2nd period - Dan Girardi is hit by Christian Ehrhoff and loses puck.
17:01 of 2nd period - Milan Hejduk is hit by Shane Doan and loses puck.
17:16 of 2nd period - Alexander Steen is hit by Dan Girardi and loses puck.
18:20 of 2nd period - Byron Bitz is hit by Brandon Dubinsky and loses puck.
18:37 of 2nd period - Darcy Hordichuk is hit by Steve Begin and loses puck.
19:51 of 2nd period - Ryan Kesler is hit by Carlo Colaiacovo and loses puck.
Goals for this period are 0 for Senateurs vs 2 for Predators.
Shots for this period are 3 for Senateurs vs 7 for Predators.
3rd period
0:01 of 3rd period - Brad Richards wins face-off versus Ryan Kesler in neutral zone.
1:32 of 3rd period - Slapshot by Kurtis Foster.
1:32 of 3rd period - Deflect By George Parros.
1:32 of 3rd period - Deflect By Brett Clark.
1:32 of 3rd period - Stopped by Steve Mason without a rebound.
1:33 of 3rd period - Andrew Ebbett wins face-off versus Ryan Kesler in Predators zone.
1:34 of 3rd period - Wrist shot by George Parros.
1:34 of 3rd period - Shot Blocked by Barret Jackman.
1:40 of 3rd period - Snap shot by Andy McDonald.
1:40 of 3rd period - Stopped by Steve Mason without a rebound.
1:41 of 3rd period - Brad Richards wins face-off versus Alexander Steen in Predators zone.
2:15 of 3rd period - Slapshot by Darcy Hordichuk.
2:15 of 3rd period - Deflect By Johan Franzen.
2:15 of 3rd period - Shot Blocked by John Moore.
2:15 of 3rd period - Puck is out of play.
2:16 of 3rd period - Brad Richards wins face-off versus Ryan Kesler in Predators zone.
2:19 of 3rd period - Snap shot by Brenden Morrow.
2:19 of 3rd period - Goal by Brenden Morrow - Senateurs : 2 - Predators : 2.
2:20 of 3rd period - Brad Richards wins face-off versus Ryan Kesler in neutral zone.
2:27 of 3rd period - Snap shot by Brad Richards.
2:27 of 3rd period - Shot Blocked by Alexander Steen.
2:45 of 3rd period - Johan Franzen is hit by Adam Burish and loses puck.
2:52 of 3rd period - Snap shot by Frans Nielsen.
2:52 of 3rd period - Stopped by Ondrej Pavelec with a rebound.
2:54 of 3rd period - Slapshot by Barret Jackman.
2:54 of 3rd period - Shot Misses the Net.
2:56 of 3rd period - Wrist shot by Barret Jackman.
2:56 of 3rd period - Shot Misses the Net.
2:58 of 3rd period - Snap shot by Alexander Ovechkin.
2:58 of 3rd period - Stopped by Ondrej Pavelec without a rebound.
2:59 of 3rd period - Brad Richards wins face-off versus Ryan Kesler in Senateurs zone.
3:26 of 3rd period - Darcy Hordichuk is hit by Frans Nielsen and loses puck.
3:34 of 3rd period - Snap shot by Johan Franzen.
3:34 of 3rd period - Stopped by Steve Mason without a rebound.
3:35 of 3rd period - Frans Nielsen wins face-off versus Brad Richards in Predators zone.
4:02 of 3rd period - Vladimir Mihalik is hit by Alexander Edler and loses puck.
4:29 of 3rd period - Wrist shot by Shane Doan.
4:29 of 3rd period - Stopped by Ondrej Pavelec with a rebound.
4:51 of 3rd period - Slapshot by Alexander Edler.
4:51 of 3rd period - Shot Misses the Net.
5:18 of 3rd period - Slapshot by Kurtis Foster.
5:18 of 3rd period - Shot Blocked by Byron Bitz.
5:31 of 3rd period - Snap shot by Alexander Steen.
5:31 of 3rd period - Shot Misses the Net.
6:07 of 3rd period - Wrist shot by Andy McDonald.
6:07 of 3rd period - Stopped by Steve Mason without a rebound.
6:08 of 3rd period - Ryan Kesler wins face-off versus Andrew Ebbett in Predators zone.
6:21 of 3rd period - Wrist shot by Andy McDonald.
6:21 of 3rd period - Shot Misses the Net.
7:18 of 3rd period - Snap shot by Alexander Steen.
7:18 of 3rd period - Deflect By Ryan Kesler.
7:18 of 3rd period - Stopped by Ondrej Pavelec without a rebound.
7:19 of 3rd period - Ryan Kesler wins face-off versus Gilbert Brule in Senateurs zone.
7:26 of 3rd period - Slapshot by Alexander Steen.
7:26 of 3rd period - Shot Blocked by Andy McDonald.
7:44 of 3rd period - Brenden Morrow is hit by Alexander Ovechkin and loses puck.
8:07 of 3rd period - Kris Vernarsky is hit by Darcy Hordichuk and loses puck.
8:13 of 3rd period - Ryan Mcdonagh is hit by Dan Hamhuis and loses puck.
8:50 of 3rd period - Slapshot by Adam Burish.
8:50 of 3rd period - Shot Blocked by Kurtis Foster.
8:52 of 3rd period - Snap shot by Christian Ehrhoff.
8:52 of 3rd period - Shot Blocked by Kurtis Foster.
8:58 of 3rd period - Minor Penalty to Darcy Hordichuk for Interference.
8:59 of 3rd period - Gilbert Brule wins face-off versus Ryan Kesler in Senateurs zone.
9:24 of 3rd period - Carlo Colaiacovo is hit by Adam Burish and loses puck.
9:57 of 3rd period - Byron Bitz is hit by Kurtis Foster and loses puck.
10:58 of 3rd period - Penalty to Darcy Hordichuk is over, Darcy Hordichuk is back on ice.
11:08 of 3rd period - Wrist shot by Milan Hejduk.
11:08 of 3rd period - Deflect By Brandon Dubinsky.
11:08 of 3rd period - Stopped by Steve Mason without a rebound.
11:09 of 3rd period - Kris Vernarsky wins face-off versus Brandon Dubinsky in Predators zone.
11:55 of 3rd period - Wrist shot by Frans Nielsen.
11:55 of 3rd period - Deflect By Alexander Ovechkin.
11:55 of 3rd period - Stopped by Ondrej Pavelec with a rebound.
12:15 of 3rd period - Snap shot by Brandon Dubinsky.
12:15 of 3rd period - Goal by Brandon Dubinsky - Senateurs : 3 - Predators : 2.
12:16 of 3rd period - Ryan Kesler wins face-off versus Gilbert Brule in neutral zone.
12:41 of 3rd period - Christian Ehrhoff is hit by Dan Hamhuis.
13:07 of 3rd period - Snap shot by James Van Riemsdyk.
13:07 of 3rd period - Shot Misses the Net.
13:09 of 3rd period - Slapshot by Brett Clark.
13:09 of 3rd period - Shot Misses the Net.
13:11 of 3rd period - Snap shot by James Van Riemsdyk.
13:11 of 3rd period - Shot Misses the Net.
13:51 of 3rd period - Slapshot by Ryan Kesler.
13:51 of 3rd period - Shot Misses the Net.
14:16 of 3rd period - Icing by Christian Ehrhoff.
14:17 of 3rd period - Brandon Dubinsky wins face-off versus Kris Vernarsky in Predators zone.
14:20 of 3rd period - Snap shot by Milan Hejduk.
14:20 of 3rd period - Stopped by Steve Mason with a rebound.
14:30 of 3rd period - Wrist shot by Kris Vernarsky.
14:30 of 3rd period - Stopped by Ondrej Pavelec without a rebound.
14:31 of 3rd period - Ryan Kesler wins face-off versus Gilbert Brule in Senateurs zone.
14:38 of 3rd period - Slapshot by Ryan Kesler.
14:38 of 3rd period - Shot Blocked by Vitaly Vishnevsky.
14:55 of 3rd period - Carlo Colaiacovo is hit by Alexander Steen and loses puck.
15:02 of 3rd period - Slapshot by Byron Bitz.
15:02 of 3rd period - Stopped by Ondrej Pavelec without a rebound.
15:03 of 3rd period - Frans Nielsen wins face-off versus Brad Richards in Senateurs zone.
15:35 of 3rd period - Steve Begin is hit by Andrew Ebbett and loses puck.
15:56 of 3rd period - Wrist shot by Gilbert Brule.
15:56 of 3rd period - Shot Misses the Net.
16:02 of 3rd period - Minor Penalty to Alexander Steen for Diving.
16:03 of 3rd period - Ryan Kesler wins face-off versus Gilbert Brule in Predators zone.
16:51 of 3rd period - Icing by Brad Richards.
16:52 of 3rd period - Brad Richards wins face-off versus Ryan Kesler in Senateurs zone.
16:54 of 3rd period - Icing by Brenden Morrow.
16:55 of 3rd period - Ryan Kesler wins face-off versus Brad Richards in Senateurs zone.
17:57 of 3rd period - Icing by Kurtis Foster.
17:58 of 3rd period - Ryan Kesler wins face-off versus Gilbert Brule in Senateurs zone.
18:02 of 3rd period - Penalty to Alexander Steen is over, Alexander Steen is back on ice.
18:15 of 3rd period - Snap shot by Milan Hejduk.
18:15 of 3rd period - Shot Misses the Net.
18:17 of 3rd period - Wrist shot by Darcy Hordichuk.
18:17 of 3rd period - Stopped by Steve Mason without a rebound.
18:18 of 3rd period - Brandon Dubinsky wins face-off versus Kris Vernarsky in Predators zone.
18:56 of 3rd period - Frans Nielsen is hit by Johan Franzen.
19:02 of 3rd period - Minor Penalty to Andy McDonald for Slashing.
19:03 of 3rd period - Gilbert Brule wins face-off versus Ryan Kesler in Senateurs zone.
19:12 of 3rd period - Predators, Steve Mason is pulled from the net.
19:36 of 3rd period - Snap shot by Adam Burish.
19:36 of 3rd period - Stopped by Ondrej Pavelec with a rebound.
19:38 of 3rd period - Slapshot by Ryan Mcdonagh.
19:38 of 3rd period - Shot Blocked by Kurtis Foster.
19:40 of 3rd period - Slapshot by Adam Burish.
19:40 of 3rd period - Shot Misses the Net.
Goals for this period are 2 for Senateurs vs 0 for Predators.
Shots for this period are 9 for Senateurs vs 8 for Predators.
Back to the Top